 Dungeon Crawl Stone Soup version 0.29.1-1-gd02db6906a (webtiles) character file.

Game seed: 2465422003846714135

109750 LabCoat the Severer (level 16, -3/149 HPs)
             Began as a Hill Orc Fighter on Sept 15, 2022.
             Was a High Priest of Trog.
             Killed from afar by a starcursed mass (12 damage)
             ... with an accursed screaming
             ... on level 2 of the Abyss on Sept 16, 2022.
             The game lasted 01:45:44 (26690 turns).

LabCoat the Severer (Hill Orc Fighter)             Turns: 26690, Time: 01:45:45

Health: -3/149     AC: 30    Str: 27    XL:     16   Next: 53%
Magic:  0/5        EV:  7    Int:  8    God:    Trog [*****.]
Gold:   863        SH:  9    Dex: 10    Spells: 15/15 levels left

rFire   . . .      SeeInvis +   S - +3 broad axe (antimagic)
rCold   . . .      Faith    .   k - +2 buckler
rNeg    . . .      Spirit   +   R - +1 plate armour {rPois}
rPois   +          Reflect  .   o - +1 helmet
rElec   .          Harm     .   e - +2 cloak {rPois}
rCorr   .          Rampage  .   F - +0 pair of gloves
Will    +++..                   l - +0 pair of boots
Stlth   ..........              u - amulet of guardian spirit
HPRegen 1.34/turn               b - +4 ring of protection
MPRegen 0.09/turn               A - ring of see invisible

@: strong-willed, on berserk cooldown, regenerating, slowed, very slow
A: no striking features
a: Renounce Religion, Berserk, Trog's Hand, Brothers in Arms


You were on level 2 of the Abyss.
You worshipped Trog.
Trog was extremely pleased with you.
You visited 4 branches of the dungeon, and saw 21 of its levels.
You visited the Abyss 1 time.
You also visited: Sewer.

You collected 1986 gold pieces.
You spent 1123 gold pieces at shops.

Inventory:

Hand Weapons
 s - a +3 battleaxe
 C - a +1 war axe of flaming
 K - a +0 morningstar
 S - a +3 antimagic broad axe (weapon)
Missiles
 B - 22 poisoned darts
 D - a silver boomerang
Armour
 e - a +2 cloak of poison resistance (worn)
 k - a +2 buckler (worn)
 l - a +0 pair of boots (worn)
 o - a +1 helmet (worn)
 F - a +0 pair of gloves (worn)
 R - a +1 plate armour of poison resistance (worn)
Jewellery
 b - a +4 ring of protection (left hand)
 g - a ring of ice
 j - a ring of fire
 u - an amulet of guardian spirit (around neck)
 y - a +6 ring of strength
 A - a ring of see invisible (right hand)
 E - a +6 ring of intelligence
 G - a +4 ring of evasion
 P - a +4 ring of protection
 T - a ring of flight
Wands
 i - a wand of polymorph (20)
 z - a wand of flame (13)
 N - a wand of digging (4)
 Q - a wand of roots (12) (quivered)
Scrolls
 c - 2 scrolls of immolation {unknown}
 d - 5 scrolls of fear
 q - 3 scrolls of amnesia
 v - 2 scrolls of magic mapping
 w - 2 scrolls of identify
 x - a scroll of enchant weapon
 H - a scroll of brand weapon {unknown}
 I - a scroll of torment {unknown}
 J - 3 scrolls of fog
Potions
 a - 2 potions of invisibility
 f - 3 potions of resistance
 h - 2 potions of lignification
 m - 2 potions of ambrosia
 n - 6 potions of brilliance
 p - 4 potions of magic
 r - 4 potions of flight
 t - 4 potions of curing
 O - a potion of cancellation
Miscellaneous
 L - a lightning rod (1/4)


   Skills:
 * Level 15.3 Fighting
 - Level 18.6 Axes
 - Level 5.0 Throwing
 + Level 13.0 Armour
 + Level 13.0 Shields
 * Level 11.5 Evocations


You had 15 spell levels left.
You didn't know any spells.
Your spell library contained the following spells:

 Spells                   Type           Power      Damage    Failure   Level
 Magic Dart               Conj           0%         1d3       98%         1
 Necrotise                Necr           0%         1d4       98%         1
 Shock                    Conj/Air       0%         1d3       98%         1
 Slow                     Hex            0%         N/A       98%         1
 Call Imp                 Summ           0%         N/A       99%         2
 Static Discharge         Conj/Air       0%         3-3/arc   99%         2
 Confusing Touch          Hex            0%         N/A       100%        3
 Conjure Flame            Conj/Fire      0%         6-21      100%        3
 Ignite Poison            Fire/Tmut/Pois 0%         N/A       100%        3
 Mephitic Cloud           Conj/Pois/Air  0%         N/A       100%        3
 Stone Arrow              Conj/Erth      0%         3d7       100%        3
 Swiftness                Air            0%         N/A       100%        3
 Tukima's Dance           Hex            0%         N/A       100%        3
 Vampiric Draining        Necr           0%         2d6       100%        3
 Airstrike                Air            0%         2d(0-16)  100%        4
 Passage of Golubria      Tloc           0%         N/A       100%        4
 Sticky Flame             Conj/Fire      0%         2d3       100%        4
 Summon Ice Beast         Ice/Summ       0%         N/A       100%        4
 Agony                    Necr           0%         N/A       100%        5
 Lightning Bolt           Conj/Air       0%         1d11      100%        5
 Summon Mana Viper        Hex/Summ       0%         N/A       100%        5
 Yara's Violent Unravell  Hex/Tmut       0%         3d3       100%        5
 Haunt                    Necr/Summ      0%         N/A       100%        7
 Monstrous Menagerie      Summ           0%         N/A       100%        7
 Maxwell's Capacitive Co  Air            0%         ∞         100%        8
 Shatter                  Erth           0%         3d5*      100%        9


Dungeon Overview and Level Annotations

Branches:
Dungeon (13/15)            Temple (1/1) D:5            Lair (5/5) D:11
 Shoals (0/4) Lair:2       Spider (0/4) Lair:3        Slime (0/5) Lair:5
    Orc (2/2) D:10            Elf (0/3) Orc:2         Sewer (visited)
 Vaults: D:13-14

Altars:
Ashenzari
Cheibriados
Dithmenos
Elyvilon
Fedhas
Gozag
Hepliaklqana
Kikubaaqudgha
Makhleb
Nemelex Xobeh
Okawaru
Qazlal
Ru
Sif Muna
Trog
Uskayaw
Vehumet
Wu Jian
Xom
Yredelemnul
Zin
The Shining One
Beogh
Lugonu

Shops:
D:4 *   D:5 *   D:7 =   D:10 (   Orc:2 ?(*[(

Portals:
Abyss: Lair:5

Annotations:
Lair:2 exclusion: oklob plant


Message History

Your thrashing horror barely misses the hornet.
Your thrashing horror barely misses the iron imp.
Your thrashing horror closely misses the iron imp.
Your thrashing horror tramples the iron imp.
The iron imp stumbles backwards!
A starcursed mass splits.
A deafening chorus of shrieks assaults your mind!
* * * LOW HITPOINT WARNING * * *
You suddenly lose the ability to move!
A starcursed mass splits.
Your thrashing horror tramples the iron imp!
The iron imp holds its ground!
Your thrashing horror tramples the iron imp but does no damage.
The iron imp hits you.
* * * LOW HITPOINT WARNING * * *
You can move again.
You slice the iron imp!!
You kill the iron imp!
Trog accepts your kill.
Your thrashing horror tramples the starcursed mass!
The starcursed mass holds its ground!
The starcursed mass shudders and is absorbed by its neighbour.
A deafening chorus of shrieks assaults your mind!
* * * LOW HITPOINT WARNING * * *
You shrug off the repeated paralysis!
The starcursed mass misses your thrashing horror.
Your thrashing horror tramples the starcursed mass but does no damage.
Your thrashing horror tramples the starcursed mass.
The starcursed mass holds its ground!
The starcursed mass shudders and is absorbed by its neighbour.
The starcursed mass touches you!
* * * LOW HITPOINT WARNING * * *
A starcursed mass splits.
A raiju comes into view.
A deafening chorus of shrieks assaults your mind!
* * * LOW HITPOINT WARNING * * *
You suddenly lose the ability to move!
You can move again.
You completely miss the starcursed mass.
The starcursed mass is heavily damaged.
A deafening chorus of shrieks assaults your mind!
You die...

... .
#......
h.....#
##.X...
#..X..#
#.XX..# .
#X†.....
#X#......
##@### .
#.[# . ..
#..# ..∩
...## .
......#
........
........
........
.........


You could see 5 starcursed masses, a large abomination and a raiju (distracted).

Vanquished Creatures
  A tentacled starspawn (Abyss:2)
  A draconian monk (Abyss:2)
  2 dire elephants (Lair:5)
  5 hydras
  4 ogre magi (Orc:2)
  2 centaur warriors
  16 two-headed ogres
  6 thrashing horrors
  A fire crab (Lair:5)
  Amaemon (Lair:2)
  Lodul (D:13)
  4 skeletal warriors (D:13)
  A sixfirhy (Abyss:2)
  A necromancer (D:13)
  An orc knight (Orc:2)
  Pikel (D:4)
  A harpy (D:10)
  A harpy (shapeshifter) (D:13)
  2 ugly things
  A worldbinder (Abyss:2)
  5 cyclopes
  3 manticores
  An elephant (Lair:5)
  7 black mambas
  A merfolk siren (Lair:2)
  3 orange demons
  A smoke demon (Lair:5)
  A torpor snail (Lair:5)
  3 unseen horrors
  11 cane toads
  4 komodo dragons
  4 rime drakes
  A bunyip simulacrum (Abyss:2)
  2 ancient zymes (Lair:5)
  2 polar bears
  7 trolls
  A hornet (D:11)
  A raiju (shapeshifter) (Lair:5)
  8 slime creatures
  A blink frog (shapeshifter) (Lair:5)
  4 raiju (Abyss:2)
  26 blink frogs
  A jumping spider (D:10)
  A spriggan (Lair:5)
  Sigmund (D:4)
  3 shadows
  5 wyverns
  52 yaks
  3 ynoxinuls (Lair:5)
  A vampire (D:10)
  2 wraiths
  2 basilisks (Lair:5)
  A basilisk (shapeshifter) (D:13)
  A neqoxec (Abyss:2)
  2 steam dragons
  4 chaos spawn
  Menkaure (D:7)
  A large abomination (Abyss:2)
  13 water moccasins
  4 wargs
  5 orc warriors
  5 black bears
  2 sky beasts
  3 ice beasts
  2 wolves (Lair:5)
  34 ogres
  A lemure (D:4)
  9 centaurs
  2 kobold brigands
  A phantom (D:7)
  17 small abominations
  Blork the orc (D:4)
  A necrophage (D:7)
  10 bullfrogs
  5 gnoll sergeants
  2 scorpions
  3 wights
  8 killer bees (D:9)
  3 electric eels (Lair:5)
  9 howler monkeys
  14 orc priests
  3 jellies
  A hound (D:5)
  An iron imp (Abyss:2)
  Terence (D:2)
  2 iguanas
  15 orc wizards
  5 hell rats
  23 gnolls
  11 adders
  4 river rats (Sewer)
  2 white imps (D:6)
  7 worms
  2 dart slugs
  62 orcs
  14 ball pythons
  4 bats (D:1)
  12 endoplasms
  5 giant cockroaches
  9 goblins
  7 hobgoblins
  8 jackals
  12 kobolds
  6 quokkas
  6 frilled lizards
  24 rats
631 creatures vanquished.

Vanquished Creatures (collateral kills)
  2 gnolls (D:3)
  2 ball pythons (Sewer)
  A goblin (D:3)
  A rat (Sewer)
  A starspawn tentacle (Abyss:2)
7 creatures vanquished.

Vanquished Creatures (others)
  A hornet (shapeshifter) (Abyss:2)
  2 rats (Sewer)
  13 fungi
  17 plants
  2 starspawn tentacles (Abyss:2)
35 creatures vanquished.

Grand Total: 673 creatures vanquished

Notes
Turn   | Place    | Note
-------+----------+-------------------------------------------
     0 | D:1      | LabCoat the Hill Orc Fighter began the quest for the Orb.
     0 | D:1      | Reached XP level 1. HP: 19/19 MP: 1/1
   130 | D:1      | Reached skill level 3 in Axes
   137 | D:1      | Reached XP level 2. HP: 26/27 MP: 2/2
   398 | D:1      | Reached XP level 3. HP: 33/33 MP: 3/3
  1235 | D:2      | Noticed Terence
  1243 | D:2      | Killed Terence
  1244 | D:2      | Reached skill level 1 in Throwing
  1244 | D:2      | Reached XP level 4. HP: 34/40 MP: 4/4
  1245 | D:2      | Reached skill level 4 in Axes
  1787 | D:2      | Found a faded altar of an unknown god.
  1866 | D:2      | Found an iron altar of Okawaru.
  2098 | D:3      | Reached XP level 5. HP: 32/47 MP: 5/5
  2281 | D:3      | Found a radiant altar of Vehumet.
  2304 | D:3      | Reached skill level 5 in Axes
  2360 | D:3      | Reached XP level 6. HP: 43/53 MP: 6/6
  2471 | D:3      | Found a glowing drain.
  2479 | Sewer    | Entered a sewer
  2964 | Sewer    | Reached skill level 5 in Fighting
  2964 | Sewer    | Reached skill level 6 in Axes
  2964 | Sewer    | Reached XP level 7. HP: 26/61 MP: 7/7
  3691 | D:4      | Found Beinawoj's Assorted Antiques.
  3698 | D:4      | Bought a shiny buckler for 165 gold pieces
  3731 | D:4      | Noticed Pikel
  3742 | D:4      | Killed Pikel
  3743 | D:4      | Reached skill level 7 in Axes
  3743 | D:4      | Reached skill level 5 in Armour
  3743 | D:4      | Reached skill level 5 in Shields
  3743 | D:4      | Reached XP level 8. HP: 59/70 MP: 8/8
  3890 | D:4      | Noticed Blork the orc
  3900 | D:4      | Killed Blork the orc
  4240 | D:4      | Noticed Sigmund
  4281 | D:4      | Killed Sigmund
  4408 | D:4      | Found a hazy altar of Hepliaklqana.
  4465 | D:4      | Reached skill level 8 in Axes
  4761 | D:5      | Entered Level 5 of the Dungeon
  5169 | D:5      | Found a bloodstained altar of Trog.
  5175 | D:5      | Became a worshipper of Trog the Wrathful
  5178 | D:5      | Found a hide-covered altar of Uskayaw.
  5466 | D:5      | Found Jetwy's Assorted Antiques.
  5470 | D:5      | Reached XP level 9. HP: 78/78 MP: 9/9
  5763 | D:5      | Found an opulent altar of Gozag.
  5769 | D:5      | Found a staircase to the Ecumenical Temple.
  5913 | Temple   | Entered the Ecumenical Temple
  6083 | D:5      | Reached skill level 9 in Axes
  6190 | D:6      | Reached * piety under Trog
  7181 | D:6      | Reached skill level 10 in Axes
  7467 | D:7      | Found Dinaqih's Jewellery Emporium.
  7689 | D:7      | Found a blossoming altar of Fedhas.
  7726 | D:7      | Reached skill level 1 in Evocations
  7780 | D:7      | Found a large runed translucent door.
  7785 | D:7      | Found a large runed translucent door.
  7887 | D:7      | Found a snail-covered altar of Cheibriados.
  7899 | D:7      | Found a burning altar of Makhleb.
  8046 | D:7      | Noticed Menkaure
  8052 | D:7      | Killed Menkaure
  8053 | D:7      | Reached XP level 10. HP: 48/86 MP: 5/10
  8538 | D:7      | Reached skill level 5 in Throwing
  8717 | D:7      | Found a shimmering blue altar of Sif Muna.
  8729 | D:7      | Found a white marble altar of Elyvilon.
  8774 | D:8      | Identified the +1 spear of Xom's Indignation {flame, *Noise
                  | rElec rPois rF++ rCorr}
  8831 | D:8      | Reached ** piety under Trog
  8832 | D:8      | Reached skill level 11 in Axes
  9160 | D:8      | Noticed a centaur warrior
  9176 | D:8      | Killed a centaur warrior
  9447 | D:8      | Reached skill level 12 in Axes
 10303 | D:9      | Noticed a manticore
 10314 | D:9      | Killed a manticore
 10315 | D:9      | Reached XP level 11. HP: 76/95 MP: 9/11
 10424 | D:9      | Found a broken altar of Ashenzari.
 10504 | D:9      | Reached *** piety under Trog
 10555 | D:9      | Noticed a two-headed ogre
 10561 | D:9      | Killed a two-headed ogre
 11209 | D:10     | Entered Level 10 of the Dungeon
 11296 | D:10     | Reached skill level 13 in Axes
 11785 | D:10     | Found Imeag's Weapon Shoppe.
 11997 | D:10     | Found a staircase to the Orcish Mines.
 12011 | D:10     | Reached **** piety under Trog
 12441 | D:10     | Noticed a harpy
 12450 | D:10     | Killed a harpy
 12724 | D:11     | Reached skill level 5 in Evocations
 12804 | D:11     | Noticed a manticore
 12840 | D:11     | Reached skill level 14 in Axes
 12847 | D:11     | Killed a manticore
 12991 | D:11     | Found a staircase to the Lair.
 13001 | D:11     | Got the Guidebook on Sandy Evil
 13275 | D:12     | Noticed a five-headed hydra
 13300 | Lair:1   | Entered Level 1 of the Lair of Beasts
 13340 | Lair:1   | Found a shadowy altar of Dithmenos.
 13414 | Lair:1   | Reached XP level 12. HP: 88/106 MP: 9/12
 13423 | Lair:1   | Reached skill level 10 in Fighting
 13911 | Lair:1   | You fall into a shaft and drop 1 floor!
 14355 | Lair:2   | Noticed Amaemon
 14363 | Lair:2   | Found a snail-covered altar of Cheibriados.
 14539 | Lair:2   | Reached skill level 15 in Axes
 15280 | Lair:2   | Killed Amaemon
 15439 | Lair:2   | Found a staircase to the Shoals.
 15702 | Lair:3   | Noticed a five-headed hydra
 15713 | Lair:3   | Killed a two-headed hydra
 15771 | Lair:3   | Reached skill level 10 in Shields
 15804 | Lair:3   | Reached skill level 10 in Armour
 16150 | Lair:3   | Reached ***** piety under Trog
 16195 | Lair:3   | Found a hole to the Spider Nest.
 16347 | Lair:3   | Reached skill level 16 in Axes
 16406 | Lair:3   | Reached XP level 13. HP: 116/116 MP: 13/13
 16669 | Lair:4   | Identified the +1 robe "Baifas" {+Inv rPois rCorr}
 17841 | Lair:5   | Entered Level 5 of the Lair of Beasts
 18117 | Lair:5   | Found a staircase to the Slime Pits.
 18486 | Lair:5   | Reached skill level 17 in Axes
 19229 | Lair:5   | Reached XP level 14. HP: 115/126 MP: 14/14
 19243 | Lair:5   | Found a corrupted altar of Lugonu.
 19308 | Lair:5   | Found a one-way gate to the infinite horrors of the Abyss.
 19461 | Lair:5   | Received a gift from Trog
 19528 | Lair:5   | Noticed a dire elephant
 19543 | Lair:5   | Killed a dire elephant
 19543 | Lair:5   | Noticed a dire elephant
 19544 | Lair:5   | Reached skill level 18 in Axes
 19666 | Lair:5   | Killed a dire elephant
 21289 | Orc:1    | Entered Level 1 of the Orcish Mines
 21639 | D:4      | Bought a scroll of enchant weapon for 165 gold pieces
 21706 | D:7      | Bought a ring of fire for 325 gold pieces
 21706 | D:7      | Bought a +6 ring of strength for 468 gold pieces
 21797 | Orc:2    | Entered Level 2 of the Orcish Mines
 21797 | Orc:2    | Found a staircase to the Elven Halls.
 23268 | Orc:2    | Received a gift from Trog
 23546 | Orc:2    | Found Dinugal's Assorted Antiques.
 23546 | Orc:2    | Found Raral's Weapon Shoppe.
 23547 | Orc:2    | Found Tociy's Weapon Emporium.
 23547 | Orc:2    | Found Arimowno's Antique Armour Shop.
 23561 | Orc:2    | Found Ediurphat's Magic Scroll Emporium.
 23699 | Orc:2    | Found a roughly hewn altar of Beogh.
 23784 | Orc:2    | Reached skill level 10 in Evocations
 24330 | D:12     | Reached XP level 15. HP: 136/137 MP: 11/15
 25251 | D:12     | Identified the +4 sling of Beschaefi {speed, Int+3}
 25989 | D:13     | Noticed Lodul
 26022 | D:13     | Killed Lodul
 26116 | D:13     | Reached XP level 16. HP: 147/147 MP: 5/16
 26311 | D:13     | Reached skill level 15 in Fighting
 26324 | Abyss:2  | Cast into level 2 of the Abyss (a wizard)
 26406 | Abyss:2  | Noticed a bone dragon
 26657 | Abyss:2  | Noticed a tentacled starspawn
 26662 | Abyss:2  | Noticed a green draconian monk
 26668 | Abyss:2  | Killed a tentacled starspawn
 26682 | Abyss:2  | Killed a green draconian monk
 26687 | Abyss:2  | Paralysed by accursed screaming for 1 turns
 26689 | Abyss:2  | Paralysed by accursed screaming for 1 turns
 26690 | Abyss:2  | Killed from afar by a starcursed mass

Illustrated notes

Levels and vault maps discovered:
D:1:      wander_arrival_estate, layout_loops_ring, kennysheep_small_spiral,
          grunt_decor_resistance, chequers_serial_rivers_large_a, minivault_27,
          hex_large
D:2:      layout_loops_ring, basic_ecumenical_altar, basic_altar,
          minmay_misc_feat_pillars, minmay_misc_feat_room, minmay_between,
          uniq_terence
D:3:      layout_basic, nicolae_vehumet_radiance, cheibrodos_sewer_entry_bend
D:4:      layout_gridville, mainiacjoe_overflow_alcove_1, serial_shops,
          nicolae_stop_n_shop_2, uniq_pikel, uniq_blork_the_orc, uniq_sigmund
D:5:      layout_basic, nicolae_overflow_hidden_temple,
          mainiacjoe_overflow_large_starburst, minmay_temple_entry_poolview,
          serial_shops, shop
D:6:      layout_cave_pools
D:7:      layout_gridville, gammafunk_temple_overflow_pools,
          nicolae_overflow_crystal_walls, jmf_multi_god_temple2, serial_shops,
          nicolae_shop_advertising_works [nicolae_subvault_shop_adworks],
          uniq_menkaure
D:8:      layout_layer_cave, corexii_hall_statues_u, minmay_three_doors
D:9:      layout_basic, nicolae_ashenzari_panopticon
D:10:     layout_irregular_city, hiddenorc2_lemuel, serial_shops, shop
D:11:     layout_rooms, erik_lair_orcish_takeover
D:12:     layout_loops_ring
D:13:     layout_cave_pods, david_vaults_1, uniq_lodul
Temple:   jpeg_temple_clearing
Lair:1:   layout_gridlike, basic_altar
Lair:2:   layout_cave_shapes, minmay_shoals_entry_lonely_mermaid,
          lemuel_oklob_altar, grunt_megastairs_3, uniq_amaemon
Lair:3:   layout_long_grid, spider_nest_entry_web_field, serial_rivers,
          chequers_serial_rivers_room_b, chequers_serial_rivers_micro_d,
          chequers_serial_rivers_micro_d, chequers_serial_rivers_micro_d,
          lemuel_fruit_tree
Lair:4:   layout_layer_cave
Lair:5:   hellmonk_lair_end_abyssal_woods, layout_hall_layers,
          nicolae_slime_entry_slimehenge, grunt_forest_small_clearings,
          nicolae_lair_lakeside_cave, infiniplex_staircase_pool,
          serial_bayou_shore_b
Orc:1:    layout_diamond_mine, minmay_orc_keep, uniq_sonja
Orc:2:    st_orc_ogre_mass, layout_caves, serial_shops, shop,
          nicolae_orc_lost_temple
Abyss:2:  base:
Lair:5

Skill      XL: |  1  2  3  4  5  6  7  8  9 10 11 12 13 14 15 16 |
---------------+-------------------------------------------------+-----
Axes           | 3 4 5 6 7 8 10 12 14 16 17 18 | 18.6
Fighting       | 4 5 6 7 8 9 11 12 13 14 15 | 15.3
Throwing       | 1 2 3 4 5 |  5.0
Armour         | 4 5 7 8 9 10 11 12 13 | 13.0
Shields        | 4 5 6 7 8 9 10 11 12 13 | 13.0
Evocations     | 1 3 5 6 8 10 11 | 11.5

Action                   |  1- 3 |  4- 6 |  7- 9 | 10-12 | 13-15 | 16-18 || total
-------------------------+-------+-------+-------+-------+-------+-------++-------
Melee: War axe           |   104 |   165 |   333 |   641 |   470 |       ||  1713
       Broad axe         |       |       |       |       |   323 |   122 ||   445
Throw: Dart              |    62 |    27 |    41 |    14 |    50 |       ||   194
       Boomerang         |       |       |     1 |   160 |       |       ||   161
Invok: Berserk           |       |       |       |     1 |     2 |     1 ||     4
       Trog's Hand       |       |       |       |     2 |     4 |     2 ||     8
Evoke: Wand              |       |       |       |    23 |    13 |     3 ||    39
       Lightning rod     |       |       |       |     6 |    14 |     2 ||    22
  Use: Scroll            |     4 |     2 |    10 |    12 |     8 |     1 ||    37
       Potion            |     2 |     1 |     3 |     2 |    10 |     1 ||    19
 Stab: Paralysed         |       |       |       |       |     4 |       ||     4
Armor: Scale mail        |    53 |    98 |     1 |       |       |       ||   152
       Chain mail        |       |       |   176 |       |       |       ||   176
       Plate armour      |       |       |    46 |   384 |   399 |    91 ||   920
Dodge: Dodged            |    50 |    80 |    91 |   193 |   262 |    33 ||   709
Block: Buckler           |    22 |    42 |   118 |   186 |   295 |    44 ||   707
